 Dungeon Crawl Stone Soup version 0.29.0-4-gdea44cf6ec (webtiles) character file.

Game seed: 584985556819966181

77 qw the Chopper (level 4, -1/26 HPs)
             Began as a Tengu Warper on Aug 28, 2022.
             Slain by an iguana (5 damage)
             ... on level 3 of the Dungeon.
             The game lasted 00:00:10 (1714 turns).

qw the Chopper (Tengu Warper)                       Turns: 1714, Time: 00:00:11

Health: -1/26      AC:  8    Str: 13    XL:     4   Next: 34%
Magic:  8/8        EV:  7    Int: 13    God:
Gold:   119        SH:  0    Dex: 14    Spells: 7/7 levels left

rFire   . . .      SeeInvis .   Y - +0 hand axe
rCold   . . .      Faith    .   (no shield)
rNeg    . . .      Spirit   .   e - +0 chain mail
rPois   .          Reflect  .   (helmet restricted)
rElec   .          Harm     .   (no cloak)
rCorr   +          Rampage  .   (no gloves)
Will    .....                   (boots unavailable)
Stlth   ..........              (no amulet)
HPRegen 0.08/turn               b - ring of resist corrosion
MPRegen 0.11/turn               (no ring)

@: about to teleport
A: beak, talons 3, wild magic 1, sturdy frame 1, devolution 1
a: no special abilities


You were on level 3 of the Dungeon.
You visited 1 branch of the dungeon, and saw 3 of its levels.

You collected 119 gold pieces.


Innate Abilities, Weirdness & Mutations

You have a beak for a mouth.
You have claws for feet.
Your spells are a little harder to cast, but a little more powerful.
Your movements are slightly less encumbered by armour. (ER -2)
You have hidden genetic defects.


   Skills:
 - Level 2.0 Fighting
 + Level 4.9 Axes
 - Level 1.0 Throwing
 - Level 1.1 Armour
 - Level 2.1 Dodging
 - Level 2.0 Spellcasting
 - Level 2.4 Translocations


You had 7 spell levels left.
You didn't know any spells.
Your spell library contained the following spells:

 Spells                   Type           Power      Damage    Failure   Level
 Blink                    Tloc           18%        N/A       95%         2
 Gell's Gravitas          Tloc           9%         N/A       99%         3
 Lesser Beckoning         Tloc           9%         N/A       99%         3
 Teleport Other           Tloc           9%         N/A       99%         3
 Manifold Assault         Tloc           9%         N/A       100%        5

Inventory:

Hand Weapons
 d - a +0 flail
 Y - a +0 hand axe (weapon)
Armour
 e - a +0 chain mail (worn)
Jewellery
 b - a ring of resist corrosion (left hand)
Scrolls
 a - 3 scrolls of summoning {unknown}
Potions
 f - a potion of might {unknown}
 h - a potion of degeneration {unknown}
 j - a potion of curing {unknown}
 k - a potion of mutation

Dungeon Overview and Level Annotations

Branches:
Dungeon (3/15)

Altars:


Message History

(D) Dungeon
Where to? (* - list waypoints, Enter - D:2, ? - help)
What level of the Dungeon? (default 1, ? - help)
There is a stone staircase leading down here.
You climb downwards.
Found 3 scrolls labelled HARAOF LIFIWK.
Found an escape hatch in the floor.
Found a stone staircase leading down.
There is a stone staircase leading up here.
Existing waypoints: (1) D:2 (2) D:1 Assign waypoint to what number? (0-9, D - delete waypoint) Waypoint 2 re-assigned from D:1 to D:3.
Enter note:
a - 3 scrolls labelled HARAOF LIFIWK An iguana comes into view.
Found a scroll labelled DUREEDA ACOFI.
The iguana hisses angrily.
You hit the iguana.
The iguana is lightly wounded.
The iguana hisses menacingly.
The iguana closely misses you.
You closely miss the iguana.
The iguana is lightly wounded.
The iguana bites you but does no damage.
You closely miss the iguana. Your kick misses the iguana.
Your peck misses the iguana.
The iguana is lightly wounded.
The iguana bites you!
You hit the iguana but do no damage.
The iguana is lightly wounded.
The iguana bites you.
You completely miss the iguana. You claw the iguana, but do no damage.
The iguana is lightly wounded.
The iguana bites you!
1714 ||| READING scroll of teleportation.
As you read the scroll of teleportation, it crumbles to dust.
You feel strangely unstable.
The iguana hisses menacingly.
The iguana bites you.
You die...

...........#
.............
#>##........####
.#..............
.............###.#
#^...............
#.......>...#....
###........@l...#
.......<......#!..?
###.##......### .
#.##..## #. .....
##.......#
#.....### #..####


You could see an iguana.

Vanquished Creatures
  A gnoll (D:1)
  3 adders (D:2)
  A dart slug (D:2)
  2 ball pythons
  4 bats
  5 endoplasms
  A giant cockroach (D:1)
  2 goblins
  5 hobgoblins
  3 jackals (D:2)
  A quokka (D:1)
  3 frilled lizards
  2 kobolds
  A rat (D:2)
34 creatures vanquished.

Notes
Turn   | Place    | Note
-------+----------+-------------------------------------------
     0 | D:1      | qw the Tengu Warper began the quest for the Orb.
     0 | D:1      | Reached XP level 1. HP: 12/12 MP: 4/4
     0 | D:1      | 0 ||| qw: Version: 0.1-a-89-g26bdef1
     0 | D:1      | 0 ||| qw: Game counter: 1183
     0 | D:1      | 0 ||| qw: Always use a shield: true
     0 | D:1      | 0 ||| qw: God list: Okawaru
     0 | D:1      | 0 ||| qw: Allow faded altars: false
     0 | D:1      | 0 ||| qw: Do Orc after D:15 true
     0 | D:1      | 0 ||| qw: Do second Lair branch before Depths: true
     0 | D:1      | 0 ||| qw: Lair rune preference: random
     0 | D:1      | 0 ||| qw: Plans: Normal
     0 | D:1      | 0 ||| PLANNING D:1-11
   203 | D:1      | Reached XP level 2. HP: 15/17 MP: 6/6
   265 | D:1      | Reached skill level 3 in Axes
   278 | D:1      | HP: 4/17 [gnoll/+0 flail (3)]
   741 | D:1      | Reached XP level 3. HP: 19/21 MP: 7/7
   853 | D:1      | 853 ||| UPGRADING to +0 chain mail.
   863 | D:1      | 863 ||| DROPPING +0 leather armour.
   864 | D:1      | 864 ||| READING scroll labelled SUACUF DUJOGEJ.
   867 | D:1      | 867 ||| READING scroll labelled BEASUA OCRIGY.
   868 | D:1      | 868 ||| READING scroll labelled VUILUSTUBUE.
   869 | D:1      | 869 ||| DROPPING scroll of blinking.
   901 | D:2      | 901 ||| STAIRDANCE
   929 | D:2      | Reached skill level 4 in Axes
  1144 | D:2      | Reached XP level 4. HP: 26/26 MP: 8/8
  1442 | D:2      | 1442 ||| Stepping ~*~*~tactically~*~*~ (stealth).
  1443 | D:2      | 1443 ||| Stepping ~*~*~tactically~*~*~ (stealth).
  1444 | D:2      | 1444 ||| Stepping ~*~*~tactically~*~*~ (stealth).
  1445 | D:2      | 1445 ||| Stepping ~*~*~tactically~*~*~ (stealth).
  1673 | D:2      | 1673 ||| UPGRADING to ring of resist corrosion.
  1674 | D:2      | 1674 ||| READING scroll labelled RIOTHO ISYD.
  1675 | D:2      | 1675 ||| DRINKING 2 fizzy yellow potions.
  1675 | D:2      | Gained mutation: You have hidden genetic defects. [potion
                  | of mutation]
  1675 | D:2      | Gained mutation: Your movements are slightly less
                  | encumbered by armour. (ER -2) [potion of mutation]
  1675 | D:2      | Gained mutation: Your spells are a little harder to cast,
                  | but a little more powerful. [potion of mutation]
  1713 | D:3      | HP: 4/26 [iguana (7)]
  1714 | D:3      | 1714 ||| READING scroll of teleportation.
  1714 | D:3      | Slain by an iguana

Levels and vault maps discovered:
D:1:      elethiomel_arrival_quiet, layout_rooms, nicolae_eternal_life
D:2:      layout_rooms
D:3:      layout_rooms, basic_ecumenical_altar, kennysheep_jessica_study,
          uniq_crazy_yiuf_cottage

Skill      XL: |  1  2  3 |
---------------+----------+-----
Axes           | 3 4 |  4.9
Fighting       | |  2.0
Throwing       | |  1.0
Armour         | |  1.1
Dodging        | |  2.1
Spellcasting   | |  2.0
Translocations | |  2.4

Action                   |  1- 3 |  4- 6 || total
-------------------------+-------+-------++-------
Melee: Hand axe          |    73 |    28 ||   101
       Kick              |    15 |     7 ||    22
       Peck              |     7 |     2 ||     9
Throw: Boomerang         |     7 |       ||     7
  Use: Scroll            |     3 |     2 ||     5
       Potion            |       |     1 ||     1
 Stab: Distracted        |       |     1 ||     1
Armor: Leather armour    |    11 |       ||    11
       Chain mail        |    36 |    11 ||    47
Dodge: Dodged            |    56 |     9 ||    65

Table legend:
 A = Non-vault XP
 B = Vault XP
 C = Vault XP percentage of total XP
 D = Non-vault monster count
 E = Vault monster count
 F = Vault count percentage of total count
                 A         B        C        D         E       F
            +---------+---------+-------+---------+---------+-------
      Total |     111 |       0 |   0.0 |      34 |       0 |   0.0
            +---------+---------+-------+---------+---------+-------
        D:1 |      39 |       0 |   0.0 |      14 |       0 |   0.0
        D:2 |      72 |       0 |   0.0 |      20 |       0 |   0.0
            +---------+---------+-------+---------+---------+-------
